TOP OF THE 1ST |
Clinton LumberKings batting - Pitching for Delmarva Shorebirds : RHP Jonathan Spicer
|
Pitching: RHP Jonathan Spicer
|
|
Batting: RHB Rich Justice
|
0-0: Foul Ball, location: 2F 0-1: Swinging Strike 0-2: Strikes out swinging
|
Batting: RHB Ivan Davila
|
0-0: Ball 1-0: Foul Ball, location: 2F 1-1: Swinging Strike 1-2: Strikes out swinging, 2-3 out at first.
|
Batting: LHB Jason Kinney
|
0-0: Ball 1-0: Called Strike 1-1: Ball 2-1: Called Strike 2-2: Strikes out looking
|
Top of the 1st over - 0 runs, 0 hits, 0 errors, 0 left on base; Clinton 0 - Delmarva 0 |
BOTTOM OF THE 1ST |
Delmarva Shorebirds batting - Pitching for Clinton LumberKings : RHP Jayden Ross
|
Pitching: RHP Jayden Ross
|
|
Batting: RHB Josh Hopp
|
0-0: Ball 1-0: Swinging Strike 1-1: Ball 2-1: Swinging Strike 2-2: Strikes out looking
|
Batting: RHB Daniel Jackson
|
0-0: Foul Ball, location: 2F 0-1: Swinging Strike 0-2: Foul Ball, location: 2F 0-2: Foul Ball, location: 2F 0-2: Ball 1-2: Ball 2-2: SINGLE (Groundball, 6D, EV 109.4 MPH)
|
Batting: RHB Ethan Finke
|
0-0: Foul Ball, location: 2F 0-1: Ball Daniel Jackson steals 2nd base 1-1: Swinging Strike 1-2: Ball 2-2: Reached via error on a dropped throw from 1B, E1 (Groundball, 13, EV 83.8 MPH) Daniel Jackson to third
|
Batting: RHB Ismael Macedo
|
0-0: Called Strike Ethan Finke is caught stealing 2nd base 2-4 0-1: Ball 1-1: Called Strike 1-2: Ground out 5-3 (Groundball, 56, EV 85.6 MPH)
|
Bottom of the 1st over - 0 runs, 1 hit, 1 error, 1 left on base; Clinton 0 - Delmarva 0 |
TOP OF THE 2ND |
Clinton LumberKings batting - Pitching for Delmarva Shorebirds : RHP Jonathan Spicer
|
Batting: RHB Chris Skaff
|
0-0: Ball 1-0: Foul Ball, location: 2F 1-1: Called Strike 1-2: Fly out, F9 (Line Drive, 9, EV 91.9 MPH)
|
Batting: RHB Kinzo Yokoyama
|
0-0: Swinging Strike 0-1: Ball 1-1: Ball 2-1: Fly out, F2 (Popup, 2LF, EV 88.8 MPH)
|
Batting: SHB Frank Amato
|
0-0: Ball 1-0: Ball 2-0: Ball 3-0: Called Strike 3-1: Foul Ball, location: 2F 3-2: Strikes out swinging
|
Top of the 2nd over - 0 runs, 0 hits, 0 errors, 0 left on base; Clinton 0 - Delmarva 0 |
BOTTOM OF THE 2ND |
Delmarva Shorebirds batting - Pitching for Clinton LumberKings : RHP Jayden Ross
|
Batting: RHB Luke Vaccarino
|
0-0: SINGLE (Groundball, 15S, EV 74.4 MPH) (infield hit)
|
Batting: RHB Wes Reynolds
|
0-0: Fly out, F7 (Flyball, 78S, EV 95.0 MPH)
|
Batting: RHB Mike Zepeda
|
0-0: Ball 1-0: Ball 2-0: Fly out, F7 (Flyball, 7D, EV 101.2 MPH)
|
Batting: LHB Keith Long
|
0-0: Called Strike 0-1: Swinging Strike 0-2: Ball 1-2: Strikes out swinging
|
Bottom of the 2nd over - 0 runs, 1 hit, 0 errors, 1 left on base; Clinton 0 - Delmarva 0 |
TOP OF THE 3RD |
Clinton LumberKings batting - Pitching for Delmarva Shorebirds : RHP Jonathan Spicer
|
Batting: SHB Raghnall Ahearne
|
0-0: Called Strike 0-1: Ball 1-1: Foul Ball, location: 2F 1-2: Strikes out swinging
|
Batting: RHB Tze-meng Li
|
0-0: Ground out 6-3 (Groundball, 56, EV 108.8 MPH)
|
Batting: RHB David Greene
|
0-0: Ball 1-0: Ball 2-0: Called Strike 2-1: Foul Ball, location: 2F 2-2: Foul Ball, location: 2F 2-2: Foul Ball, location: 2F 2-2: Foul Ball, location: 2F 2-2: Foul Ball, location: 2F 2-2: Ball 3-2: Reached on error, E2 (Groundball, 2L, EV 66.9 MPH)
|
Batting: RHB Rich Justice
|
0-0: Ball 1-0: Ground out 6-3 (Groundball, 6, EV 88.8 MPH)
|
Top of the 3rd over - 0 runs, 0 hits, 1 error, 1 left on base; Clinton 0 - Delmarva 0 |
BOTTOM OF THE 3RD |
Delmarva Shorebirds batting - Pitching for Clinton LumberKings : RHP Jayden Ross
|
Batting: RHB Tony Godley
|
0-0: Foul Ball, location: 2F 0-1: Ball 1-1: Called Strike 1-2: Ground out 6-3 (Groundball, 6, EV 88.1 MPH)
|
Batting: RHB Josh Hopp
|
0-0: Ball 1-0: Called Strike 1-1: Ball 2-1: Ball 3-1: Called Strike 3-2: Base on Balls
|
Batting: RHB Daniel Jackson
|
0-0: Called Strike Josh Hopp steals 2nd base (no throw) 0-1: Called Strike 0-2: DOUBLE (Flyball, 8LXD, EV 91.9 MPH) Josh Hopp scores
|
Batting: RHB Ethan Finke
|
0-0: Ball 1-0: Fly out, F9 (Flyball, 9, EV 95.0 MPH)
|
Batting: RHB Ismael Macedo
|
0-0: Foul Ball, location: 2F 0-1: Foul Ball, location: 2F 0-2: Ball 1-2: TRIPLE (Groundball, 3L, EV 104.4 MPH) Daniel Jackson scores
|
Batting: RHB Luke Vaccarino
|
0-0: Ball 1-0: Ground out 5-3 (Groundball, 25, EV 88.8 MPH)
|
Bottom of the 3rd over - 2 runs, 2 hits, 0 errors, 1 left on base; Clinton 0 - Delmarva 2 |
TOP OF THE 4TH |
Clinton LumberKings batting - Pitching for Delmarva Shorebirds : RHP Jonathan Spicer
|
Batting: RHB Ivan Davila
|
0-0: Ball 1-0: Called Strike 1-1: Called Strike 1-2: Ball 2-2: Foul Ball, location: 2F 2-2: Fly out, F9 (Line Drive, 89M, EV 102.5 MPH)
|
Batting: LHB Jason Kinney
|
0-0: Ground out 3-1 (Groundball, 13, EV 90.6 MPH)
|
Batting: RHB Chris Skaff
|
0-0: Ball 1-0: Foul Ball, location: 2F 1-1: Foul Ball, location: 2F 1-2: Ball 2-2: Ball 3-2: Ground out 6-3 (Groundball, 56D, EV 100.0 MPH)
|
Top of the 4th over - 0 runs, 0 hits, 0 errors, 0 left on base; Clinton 0 - Delmarva 2 |
BOTTOM OF THE 4TH |
Delmarva Shorebirds batting - Pitching for Clinton LumberKings : RHP Jayden Ross
|
Batting: RHB Wes Reynolds
|
0-0: Ball 1-0: Called Strike 1-1: Ball 2-1: Foul Ball, location: 2F 2-2: SINGLE (Groundball, 6MD, EV 96.9 MPH)
|
Batting: RHB Mike Zepeda
|
0-0: Ball 1-0: Ball 2-0: Ball 3-0: Base on Balls Wes Reynolds to second
|
Batting: LHB Keith Long
|
0-0: Foul Ball, location: 2F 0-1: Swinging Strike 0-2: Foul Ball, location: 2F 0-2: Fly out, F7 (Flyball, 78D, EV 89.4 MPH)
|
Batting: RHB Tony Godley
|
0-0: Ball 1-0: Ball Wes Reynolds steals 3rd base Mike Zepeda to second 2-0: Ball 3-0: Called Strike 3-1: Swinging Strike 3-2: Base on Balls
|
Batting: RHB Josh Hopp
|
0-0: SINGLE (Groundball, 4MD, EV 95.6 MPH) Wes Reynolds scores Mike Zepeda to third Tony Godley to second
|
Batting: RHB Daniel Jackson
|
0-0: Foul Ball, location: 2F 0-1: SINGLE (Groundball, 56D, EV 96.9 MPH) Mike Zepeda scores Tony Godley to third Josh Hopp to second Runner from 3rd tries for Home, throw by LF and OUT! 7-2
|
Batting: RHB Ethan Finke
|
0-0: Called Strike 0-1: Ball 1-1: Called Strike 1-2: Strikes out swinging
|
Bottom of the 4th over - 2 runs, 3 hits, 0 errors, 2 left on base; Clinton 0 - Delmarva 4 |
TOP OF THE 5TH |
Clinton LumberKings batting - Pitching for Delmarva Shorebirds : RHP Jonathan Spicer
|
Batting: RHB Kinzo Yokoyama
|
0-0: Called Strike 0-1: Ball 1-1: Ball 2-1: Fly out, F7 (Flyball, 78M, EV 90.0 MPH)
|
Batting: SHB Frank Amato
|
0-0: Ball 1-0: Ball 2-0: Called Strike 2-1: Ball 3-1: Base on Balls
|
Batting: SHB Raghnall Ahearne
|
0-0: Swinging Strike 0-1: Ball 1-1: Called Strike 1-2: Ball 2-2: Strikes out swinging
|
Batting: RHB Tze-meng Li
|
0-0: Ball 1-0: Ball 2-0: SINGLE (Line Drive, 6MD, EV 104.4 MPH) Frank Amato to second
|
Batting: RHB David Greene
|
0-0: Swinging Strike 0-1: Ball 1-1: Ball 2-1: Ball 3-1: Called Strike 3-2: Ground out 2-3 (Groundball, 13S, EV 65.0 MPH)
|
Top of the 5th over - 0 runs, 1 hit, 0 errors, 2 left on base; Clinton 0 - Delmarva 4 |
BOTTOM OF THE 5TH |
Delmarva Shorebirds batting - Pitching for Clinton LumberKings : RHP Jayden Ross
|
Batting: RHB Ismael Macedo
|
0-0: Ball 1-0: Fly out, F9 (Flyball, 9, EV 86.2 MPH)
|
Batting: RHB Luke Vaccarino
|
0-0: SINGLE (Line Drive, 9S, EV 102.5 MPH)
|
Pitching: RHP Daniel Villalobos
|
|
Batting: RHB Wes Reynolds
|
0-0: Fly out, F8 (Flyball, 78D, EV 105.0 MPH)
|
Batting: RHB Mike Zepeda
|
0-0: Called Strike 0-1: Ball 1-1: Reached on error, E4 (Groundball, 34, EV 107.5 MPH) Luke Vaccarino to third
|
Batting: LHB Keith Long
|
0-0: Foul Ball, location: 2F 0-1: Swinging Strike 0-2: Hit by Pitch
|
Batting: RHB Tony Godley
|
0-0: Ball 1-0: Foul Ball, location: 2F 1-1: Foul Ball, location: 2F 1-2: Ball 2-2: Fly out, F8 (Flyball, 78D, EV 100.0 MPH)
|
Bottom of the 5th over - 0 runs, 1 hit, 1 error, 3 left on base; Clinton 0 - Delmarva 4 |
TOP OF THE 6TH |
Clinton LumberKings batting - Pitching for Delmarva Shorebirds : RHP Jonathan Spicer
|
Batting: RHB Rich Justice
|
0-0: Ball 1-0: Swinging Strike 1-1: Swinging Strike 1-2: Ball 2-2: Strikes out swinging
|
Pitching: RHP Casey Tietjen
|
|
Batting: RHB Ivan Davila
|
0-0: Called Strike 0-1: Ball 1-1: Foul Ball, location: 2F 1-2: Ball 2-2: Foul Ball, location: 2F 2-2: Strikes out looking
|
Batting: LHB Jason Kinney
|
0-0: Called Strike 0-1: Ball 1-1: Foul Ball, location: 2F 1-2: Strikes out swinging
|
Top of the 6th over - 0 runs, 0 hits, 0 errors, 0 left on base; Clinton 0 - Delmarva 4 |
BOTTOM OF THE 6TH |
Delmarva Shorebirds batting - Pitching for Clinton LumberKings : RHP Daniel Villalobos
|
Batting: RHB Josh Hopp
|
0-0: Ball 1-0: DOUBLE (Flyball, 8LXD, EV 101.9 MPH)
|
Batting: RHB Daniel Jackson
|
0-0: Called Strike 0-1: Called Strike 0-2: Ball 1-2: Ball 2-2: Ball 3-2: Foul Ball, location: 2F 3-2: Foul Ball, location: 2F 3-2: Foul Ball, location: 2F 3-2: Foul Ball, location: 2F 3-2: Base on Balls
|
Batting: RHB Ethan Finke
|
0-0: Ball 1-0: Ball 2-0: Ball 3-0: Base on Balls Josh Hopp to third Daniel Jackson to second
|
Batting: RHB Ismael Macedo
|
0-0: Swinging Strike 0-1: Ball 1-1: Ball 2-1: Ball 3-1: Foul Ball, location: 2F 3-2: Fly out, F8 (Flyball, 8LD, EV 90.6 MPH) Runner from 3rd tags up, SCORES, no throw by CF
|
Pitching: RHP Bryce Blanksby
|
|
Batting: RHB Luke Vaccarino
|
0-0: Ball 1-0: Foul Ball, location: 2F 1-1: Grounds into double play, 4-6-3 (Groundball, 4, EV 105.6 MPH)
|
Bottom of the 6th over - 1 run, 1 hit, 0 errors, 1 left on base; Clinton 0 - Delmarva 5 |
TOP OF THE 7TH |
Clinton LumberKings batting - Pitching for Delmarva Shorebirds : RHP Casey Tietjen
|
Batting: RHB Chris Skaff
|
0-0: Called Strike 0-1: Swinging Strike 0-2: Ball 1-2: Foul Ball, location: 2F 1-2: Foul Ball, location: 2F 1-2: Ball 2-2: Strikes out swinging
|
Batting: RHB Kinzo Yokoyama
|
0-0: Foul Ball, location: 2F 0-1: Foul Ball, location: 2F 0-2: TRIPLE (Flyball, 7D, EV 88.1 MPH)
|
Batting: SHB Frank Amato
|
0-0: Ball 1-0: Ball 2-0: Ball 3-0: Foul Ball, location: 2F 3-1: Base on Balls
|
Batting: SHB Raghnall Ahearne
|
0-0: Ball 1-0: Ball 2-0: Foul Ball, location: 2F 2-1: DOUBLE (Line Drive, 89XD, EV 104.4 MPH) Kinzo Yokoyama scores Frank Amato to third
|
Pitching: LHP Armando Florez
|
|
Batting: RHB Tze-meng Li
|
0-0: Called Strike 0-1: Ball 1-1: Ball 2-1: Foul Ball, location: 2F 2-2: Strikes out swinging
|
Batting: RHB David Greene
|
0-0: Swinging Strike 0-1: Called Strike 0-2: Strikes out swinging
|
Top of the 7th over - 1 run, 2 hits, 0 errors, 2 left on base; Clinton 1 - Delmarva 5 |
BOTTOM OF THE 7TH |
Delmarva Shorebirds batting - Pitching for Clinton LumberKings : RHP Bryce Blanksby
|
Batting: RHB Wes Reynolds
|
0-0: Ball 1-0: Foul Ball, location: 2F 1-1: Ball 2-1: Ground out 6-3 (Groundball, 6, EV 103.1 MPH)
|
Batting: RHB Mike Zepeda
|
0-0: Called Strike 0-1: Ground out 3-1 (Groundball, 13, EV 89.4 MPH)
|
Batting: LHB Keith Long
|
0-0: Ball 1-0: Foul Ball, location: 2F 1-1: Foul Ball, location: 2F 1-2: Ball 2-2: Ball 3-2: Foul Ball, location: 2F 3-2: Foul Ball, location: 2F 3-2: Foul Ball, location: 2F 3-2: Foul Ball, location: 2F 3-2: Fly out, F7 (Flyball, 7LM, EV 90.6 MPH)
|
Bottom of the 7th over - 0 runs, 0 hits, 0 errors, 0 left on base; Clinton 1 - Delmarva 5 |
TOP OF THE 8TH |
Clinton LumberKings batting - Pitching for Delmarva Shorebirds : LHP Armando Florez
|
Now at 1B: Wes Reynolds
|
|
Now at 3B: Matt O'Dea
|
|
Batting: RHB Rich Justice
|
0-0: Called Strike 0-1: Called Strike 0-2: Strikes out swinging
|
Batting: RHB Ivan Davila
|
0-0: Ball 1-0: Ball 2-0: Called Strike 2-1: Foul Ball, location: 2F 2-2: Foul Ball, location: 2F 2-2: Foul Ball, location: 2F 2-2: Strikes out swinging
|
Batting: LHB Jason Kinney
|
0-0: Swinging Strike 0-1: Ball 1-1: Ball 2-1: Swinging Strike 2-2: Ball 3-2: Strikes out swinging
|
Top of the 8th over - 0 runs, 0 hits, 0 errors, 0 left on base; Clinton 1 - Delmarva 5 |
BOTTOM OF THE 8TH |
Delmarva Shorebirds batting - Pitching for Clinton LumberKings : RHP Bryce Blanksby
|
Pitching: LHP Adam Schmidt
|
|
Batting: RHB Tony Godley
|
0-0: Foul Ball, location: 2F 0-1: Called Strike 0-2: Ground out 6-3 (Groundball, 6, EV 80.0 MPH)
|
Batting: RHB Josh Hopp
|
0-0: Foul Ball, location: 2F 0-1: TRIPLE (Line Drive, 89XD, EV 99.4 MPH)
|
Batting: RHB Daniel Jackson
|
0-0: Called Strike 0-1: Ball 1-1: DOUBLE (Line Drive, 8LXD, EV 101.9 MPH) Josh Hopp scores
|
Batting: RHB Ethan Finke
|
0-0: Called Strike 0-1: Ball 1-1: Ball 2-1: Swinging Strike 2-2: Foul Ball, location: 2F 2-2: Ball 3-2: Foul Ball, location: 2F 3-2: Foul Ball, location: 2F 3-2: Base on Balls
|
Batting: RHB Ismael Macedo
|
0-0: Called Strike 0-1: Ball 1-1: Foul Ball, location: 2F 1-2: Foul Ball, location: 2F 1-2: Foul Ball, location: 2F 1-2: SINGLE (Groundball, 4MD, EV 105.6 MPH) Daniel Jackson to third Ethan Finke to second
|
Batting: RHB Luke Vaccarino
|
0-0: Fielders Choice at 2nd, 3-6 (Groundball, 34, EV 86.9 MPH) Daniel Jackson scores Ethan Finke to third
|
Batting: RHB Wes Reynolds
|
0-0: Ball 1-0: Swinging Strike 1-1: Ball 2-1: Ball 3-1: Foul Ball, location: 2F 3-2: Base on Balls Luke Vaccarino to second
|
Batting: RHB Mike Zepeda
|
0-0: Fielders Choice at 2nd, 6-4 (Groundball, 56, EV 77.5 MPH)
|
Bottom of the 8th over - 2 runs, 3 hits, 0 errors, 3 left on base; Clinton 1 - Delmarva 7 |
TOP OF THE 9TH |
Clinton LumberKings batting - Pitching for Delmarva Shorebirds : LHP Armando Florez
|
Batting: RHB Chris Skaff
|
0-0: Called Strike 0-1: Ball 1-1: Called Strike 1-2: Foul Ball, location: 2F 1-2: Ball 2-2: Strikes out swinging
|
Batting: RHB Kinzo Yokoyama
|
0-0: Ball 1-0: Ball 2-0: Called Strike 2-1: Ball 3-1: Called Strike 3-2: Foul Ball, location: 2F 3-2: Ground out 6-3 (Groundball, 6, EV 105.6 MPH)
|
Batting: SHB Frank Amato
|
0-0: Ball 1-0: Ball 2-0: Called Strike 2-1: Called Strike 2-2: Fly out, F9 (Flyball, 9D, EV 91.9 MPH)
|
Top of the 9th over - 0 runs, 0 hits, 0 errors, 0 left on base; Clinton 1 - Delmarva 7 |
|